 Dungeon Crawl Stone Soup version 0.25-a0-796-gd415a3ffb0 (webtiles) character file.

Game seed: 4596357818476662550, levelgen mode: deterministic

174 sanka the Scratcher (level 5, 21/21 HPs)
             Began as a Felid Wanderer on Apr 18, 2020.
             Quit the game on level 5 of the Dungeon.
             The game lasted 00:15:51 (7333 turns).

sanka the Scratcher (Felid Wanderer)                Turns: 7333, Time: 00:15:52

Health: 21/21      AC: -4    Str:  8    XL:     5   Next: 28%
Magic:  13/13      EV: 15    Int: 14    God:
Gold:   210        SH:  0    Dex: 17    Spells: 11/14 levels left
                                        Lives:  0   Deaths: 1

rFire    . . .     SeeInvis +     - Unarmed
rCold    . . .     Gourm    .   (shield unavailable)
rNeg     . . .     Faith    .   (armour unavailable)
rPois    .         Spirit   .   (helmet unavailable)
rElec    .         Reflect  .   (cloak unavailable)
rCorr    .         Harm     .   (gloves unavailable)
MR       .....                  (boots unavailable)
Stlth    +.........             (no amulet)
HPRegen  0.07/turn              a - ring of attention (curse)
MPRegen  0.13/turn              h - -6 ring of protection (curse)

@: quick
A: very small, no armour, no weapons or thrown items, stealth, claws 1, fangs 3,
see invisible, carnivore, speed 1, shaggy fur 2, slow metabolism 1, sharp paws
a: no special abilities


You were on level 5 of the Dungeon.
You were not hungry.

You visited 1 branch of the dungeon, and saw 5 of its levels.

You collected 210 gold pieces.


Innate Abilities, Weirdness & Mutations

You cannot wear armour.
You are incapable of wielding weapons or throwing items.
Your paws allow you to move quietly. (Stealth)
You have sharp claws.
You have razor-sharp teeth.
You have supernaturally acute eyesight. (SInv)
You are carnivorous and can eat meat at any time.
You cover ground quickly.
You are covered in thick fur. (AC +2)
You have a slow metabolism.
Your sharp claws are effective at attacking unaware monsters.


   Skills:
 * Level 5.2 Unarmed Combat
 - Level 5.0 Spellcasting
 - Level 2.0 Conjurations
   Level 2.4 Charms
 - Level 2.0 Summonings
   Level 1.0 Ice Magic
 - Level 2.1 Evocations


You had 11 spell levels left.
You knew the following spells:

 Your Spells              Type           Power        Failure   Level  Hunger
x - Call Imp              Summ           #.......     12%         2    ##.....
z - Magic Dart            Conj           #...         8%          1    None

Your spell library contained the following spells:

 Spells                   Type           Power        Failure   Level  Hunger
 Blink                    Tloc           N/A          26%         2    ##.....
 Slow                     Hex            #.......     26%         2    ##.....
 Conjure Flame            Conj/Fire      #.......     34%         3    ###....
 Mephitic Cloud           Conj/Pois/Air  #.......     36%         3    ###....

Inventory:

Jewellery
 a - a cursed ring of attention (left paw)
 h - a cursed -6 ring of protection (right paw)
Wands
 g - a wand of acid (11)
 o - a wand of polymorph (6)
Scrolls
 e - a scroll of blinking
 f - 3 scrolls of teleportation {@r4}
 q - 2 scrolls of fog
Potions
 b - 2 potions of lignification {!q}
 d - 3 potions of curing {@q1}
 i - a potion of degeneration {unknown}
 j - a potion of invisibility
 m - a potion of stabbing
Comestibles
 c - 9 rations

Dungeon Overview and Level Annotations

Branches:
Dungeon (5/15)
 Temple: D:4-7

Altars:
Kikubaaqudgha
Nemelex Xobeh

..>.▒▒▒▒▒▒.<.......▒.5.........
.................▒.▒▒.▒▒▒▒..▒
.▒▒▒▒▒.▒▒..........5▒o5o...▒
▒.▒▒▒...[.▒▒.▒▒†▒▒▒▒▒.▒ ▒.▒
▒▒...▒▒▒.▒▒.▒▒▒▒▒.▒▒▒ ▒.▒ ▒▒▒▒▒
▒............. ▒.▒
▒▒▒▒.▒▒▒▒▒.▒▒▒ ▒.▒▒▒▒▒▒▒▒ ▒.▒
▒.▒ ▒.......h▒▒▒▒▒▒.▒ ▒.▒
▒▒▒▒▒▒▒▒........▒ ▒.▒
▒▒▒▒▒▒▒▒▒▒ ▒.▒ ▒.▒ .▒


There were no monsters in sight!


Message History

Aiming: Magic Dart (safe; 8% risk of failure)
Aim: an orc wizard, wielding a +0 dagger and wearing a +0 robe (heavily wounded, fast)
The magic dart hits the orc wizard.
The orc wizard is heavily wounded.
Aiming: Magic Dart (safe; 8% risk of failure)
Aim: an orc wizard, wielding a +0 dagger and wearing a +0 robe (heavily wounded, fast)
The magic dart hits the orc wizard but does no damage.
The orc wizard is heavily wounded.
The orc wizard looks braver for a moment.
The orc wizard points at you and mumbles some strange words.
The puff of frost hits you!
* * * LOW HITPOINT WARNING * * *
Unknown command.
Unknown command.
A beastly little devil appears in a puff of frigid air.
The orc wizard hits you with a +0 dagger.
You die...
You are now level 5!
You rejoin the land of the living...
Unknown command.
Unknown command.
Unknown command.
Unknown command.
Unknown command.
Unknown command.
Unknown command.
Unknown command.
Unknown command.
Unknown command.
Are you sure you want to abandon this character and quit the game? (Confirm with "yes".)

Action                   |  1- 3 |  4- 6 || total
-------------------------+-------+-------++-------
Melee: Unarmed           |     9 |    61 ||    70
       Bite              |     2 |     5 ||     7
       Punch             |       |     1 ||     1
 Cast: Magic Dart        |    80 |   164 ||   244
       Call Imp          |     8 |    37 ||    45
  Use: Scroll            |       |     9 ||     9
       Potion            |       |     3 ||     3
  Eat: Chunk             |    10 |    10 ||    20
Armor: Skin              |     1 |     1 ||     2
Dodge: Dodged            |    28 |    71 ||    99

Levels and vault maps discovered:
D:1:      minmay_arrival_jagged, layout_basic, nemelex_xobeh_ov_fountains_minmay
D:2:      layout_basic, chequers_ecumenical_altar_twisty, uniq_terence
D:3:      layout_loops_ring, kiku_gazebo_pond_becter, minmay_misc_feat_columns
D:4:      layout_loops_ring, first_ration
D:5:      layout_loops_ring, nicolae_overflow_crystal_walls,
          gammafunk_temple_overflow_forgotten,
          gammafunk_temple_overflow_elements

Notes
Turn   | Place    | Note
-------+----------+-------------------------------------------
     0 | D:1      | sanka the Felid Wanderer began the quest for the Orb.
     0 | D:1      | sanka set off with the following items: a potion of
                  | lignification {!q}, a ration; and the following spell
                  | memorised: Magic Dart; and the following spells available
                  | to memorise: Blink, Call Imp, Slow, Conjure Flame, Mephitic
                  | Cloud
     0 | D:1      | Reached XP level 1. HP: 7/7 MP: 7/7
   229 | D:1      | Reached skill level 1 in Conjurations
   696 | D:1      | Reached XP level 2. HP: 11/11 MP: 6/9
   700 | D:1      | Learned a level 2 spell: Call Imp
   769 | D:1      | Found a sparkling altar of Nemelex Xobeh.
  1225 | D:2      | Found a faded altar of an unknown god.
  1611 | D:2      | Reached skill level 1 in Unarmed Combat
  1611 | D:2      | Reached skill level 1 in Summonings
  1611 | D:2      | Reached XP level 3. HP: 2/14 MP: 2/10
  1935 | D:2      | Reached skill level 2 in Conjurations
  2023 | D:2      | Noticed Terence
  2052 | D:2      | Killed Terence
  2461 | D:2      | Reached skill level 2 in Unarmed Combat
  2461 | D:2      | Reached XP level 4. HP: 18/18 MP: 6/12
  3535 | D:3      | Reached skill level 2 in Summonings
  3939 | D:3      | Reached skill level 3 in Unarmed Combat
  4169 | D:3      | Reached XP level 5. HP: 21/21 MP: 6/13
  4656 | D:3      | Found an ancient bone altar of Kikubaaqudgha.
  4979 | D:4      | Reached skill level 4 in Unarmed Combat
  6145 | D:4      | Gained mutation: You are covered in thick fur. (AC +2)
                  | [Felid growth]
  6145 | D:4      | Reached XP level 6. HP: 6/24 MP: 1/14
  6471 | D:4      | Reached skill level 5 in Unarmed Combat
  6910 | D:5      | Entered Level 5 of the Dungeon
  6993 | D:5      | Noticed an ice beast
  7331 | D:5      | HP: 2/24 [orc wizard/puff of frost (11)]
  7332 | D:5      | Slain by an orc wizard
  7333 | D:5      | Reached XP level 5. HP: 0/21 MP: 6/13
  7333 | D:5      | Quit the game

Vanquished Creatures
  A bullfrog skeleton (D:4)
  7 adders
  2 oozes
  An adder zombie (D:5)
  2 adder skeletons (D:4)
  A worm (D:3)
  2 dart slugs (D:2)
  A leopard gecko (D:1)
  10 orcs
  8 giant cockroaches
  7 goblins
  5 hobgoblins
  2 jackals (D:4)
  A ball python (D:3)
  5 bats
  4 frilled lizards
  A jackal skeleton (D:3)
  7 kobolds
  6 rats
73 creatures vanquished.

Vanquished Creatures (collateral kills)
  A hound (D:4)
  2 orc wizards (D:4)
  An iguana (D:4)
  Terence (D:2)
  2 worker ants (D:4)
  2 adders
  2 worms
  8 orcs
19 creatures vanquished.

Grand Total: 92 creatures vanquished
